 Dungeon Crawl Stone Soup version 0.19.1-1-g22dce08 (webtiles) character file.

25 McKennaii the Magician (level 2, 0/17 HPs)
             Began as a High Elf Wizard on Jan 4, 2017.
             Slain by an adder (3 damage)
             ... on level 2 of the Dungeon.
             The game lasted 00:04:57 (529 turns).

McKennaii the Magician (High Elf Wizard)             Turns: 529, Time: 00:04:58

Health: 0/17       AC:  3    Str:  6    XL:     2   Next: 82%
Magic:  1/8        EV: 12    Int: 21    God:
Gold:   22         SH:  0    Dex: 13    Spells: 3 memorised, 5 levels left

rFire  . . .     SeeInvis .     (no weapon)
rCold  . . .     Gourm    .     a - +1 robe
rNeg   . . .     Faith    .     (no shield)
rPois  .         Spirit   .     b - +0 hat
rElec  .         Reflect  .     (no cloak)
rCorr  .         Harm     .     (no gloves)
MR     .....                    (no boots)
Stlth  ++........               (no amulet)
                                (no ring)
                                (no ring)

@: no status effects
A: no striking features
a: no special abilities


You were on level 2 of the Dungeon.
You were not hungry.

You visited 1 branch of the dungeon, and saw 2 of its levels.

You collected 22 gold pieces.

Inventory:

Armour
 a - a +1 robe (worn)
 b - a +0 hat (worn)
Scrolls
 i - a scroll of teleportation {unknown}
 k - a scroll of identify {unknown}
Potions
 f - a potion of ambrosia {unknown}
 h - a potion of might {unknown}
 j - a potion of cure mutation {unknown}
 l - a potion of flight {unknown}
Books
 c - a book of Minor Magic

   Spells                             Type                      Level
   a - Magic Dart                     Conjuration                  1
   b - Blink                          Translocation                2
   c - Call Imp                       Summoning                    2
   d - Repel Missiles                 Charms/Air                   2
   e - Slow                           Hexes                        2
   f - Conjure Flame                  Conjuration/Fire             3
   g - Mephitic Cloud                 Conjuration/Poison/Air       3
Comestibles
 d - a bread ration


   Skills:
 + Level 2.1 Dodging
 + Level 2.4 Stealth
 + Level 0.1 Unarmed Combat
 + Level 4.5 Spellcasting
 + Level 1.2 Conjurations
 + Level 0.8 Summonings
 + Level 1.1 Translocations


You had 5 spell levels left.
You knew the following spells:

 Your Spells              Type           Power        Failure   Level  Hunger
a - Magic Dart            Conj           #...         10%         1    None
b - Call Imp              Summ           #.......     14%         2    #......
c - Blink                 Tloc           N/A          12%         2    #......


Dungeon Overview and Level Annotations

Branches:
Dungeon (2/15)

Altars:


Message History

The adder is severely wounded.
The adder bites you.
* * * LOW HITPOINT WARNING * * *
Your crimson imp blinks!
The adder bites you but does no damage.
A bat comes into view.
The bat moves out of view.
Your shadow imp disappears in a puff of smoke!
Found a stone staircase leading down.
The bat hits you but does no damage.
The bat barely misses you. x2; The bat misses you.
The adder closely misses you.
Found 4 gold pieces.
The bat closely misses you. The bat misses you. The bat closely misses you.
The adder bites you but does no damage. The adder closely misses you.
The kobold hits you with a club.
* * * LOW HITPOINT WARNING * * *
The bat hits you but does no damage. The adder bites you.
You die...

#.. .... ..... #.. ...#
#..... #.. #..###....#
#.. #.<#....##. # #..
#######......... #.##..
#...##.(<.##....
#.....####.......(.....).
#$......##......####.....
#.....bS@...5....... ..##
#.......K.....#...... ...
#.......#....#.......( ..
#........>..#......... .
#.......)..##.........
#...>......## .........
.........### ......
.........# .... ........#


You could see an adder, a bat, a kobold and a friendly crimson imp.

Vanquished Creatures
  4 bats (D:1)
  A giant cockroach (D:1)
  4 hobgoblins (D:1)
  5 goblins (D:1)
  3 kobolds
  3 rats (D:1)
20 creatures vanquished.

Vanquished Creatures (collateral kills)
  A bat (D:1)
  A giant cockroach (D:2)
  A goblin (D:1)
  A quokka (D:2)
4 creatures vanquished.

Grand Total: 24 creatures vanquished

Notes
Turn   | Place    | Note
-------+----------+-------------------------------------------
     0 | D:1      | McKennaii the High Elf Wizard began the quest for the Orb.
     0 | D:1      | Reached XP level 1. HP: 11/11 MP: 6/6
    68 | D:1      | Reached skill level 4 in Spellcasting
    97 | D:1      | Reached XP level 2. HP: 15/17 MP: 0/8
   151 | D:1      | Learned a level 2 spell: Call Imp
   154 | D:1      | Learned a level 2 spell: Blink
   529 | D:2      | Slain by an adder

Skill      XL: |  1 |
---------------+----+-----
Spellcasting   | 4 |  4.5
Dodging        | |  2.1
Stealth        | |  2.4
Unarmed Combat | |  0.1
Conjurations   | |  1.2
Summonings     | |  0.8
Translocations | |  1.1

Action                   || total
-------------------------++-------
Melee: Unarmed           ||    19
 Cast: Magic Dart        ||    48
       Call Imp          ||     3
  Use: Scroll            ||     2
Armor: Robe              ||    19
Dodge: Dodged            ||    36
